 Dungeon Crawl Stone Soup version 0.28.0-45-g0d030f2227 (webtiles) character file.

Game seed: 9412311029967247813

54 Iusername the Firebug (level 3, 0/27 HPs)
             Began as a Draconian Fire Elementalist on Apr 7, 2022.
             Was an Initiate of Sif Muna.
             Succumbed to Jessica's poison
             ... on level 2 of the Dungeon.
             The game lasted 00:07:11 (1359 turns).

Iusername the Firebug (Draconian Fire Elementalist) Turns: 1359, Time: 00:07:12

Health: 0/27       AC:  6    Str: 12    XL:     3   Next: 66%
Magic:  6/6        EV: 12    Int: 15    God:    Sif Muna [......]
Gold:   113        SH:  0    Dex: 11    Spells: 5/6 levels left

rFire   + . .      SeeInvis .   g - +9 trident of the Witching Viper {vorpal, rF+}
rCold   . . .      Faith    .   (no shield)
rNeg    . . .      Spirit   .   (armour unavailable)
rPois   .          Reflect  .   (helmet restricted)
rElec   .          Harm     .   (no cloak)
rCorr   .          Rampage  .   d - +0 pair of gloves
Will    .....                   (no boots)
Stlth   ++........              (no amulet)
HPRegen 0.09/turn               (no ring)
MPRegen 0.10/turn               (no ring)

@: lethally poisoned (0 -> -13), weak-willed
A: AC +5, unfitting armour, cold-blooded
a: Renounce Religion


You were on level 2 of the Dungeon.
You worshipped Sif Muna.
Sif Muna was noncommittal.
You visited 1 branch of the dungeon, and saw 2 of its levels.

You collected 113 gold pieces.

Inventory:

Hand Weapons
 g - the +9 trident of the Witching Viper (weapon) {vorpal, rF+}
   (You found it on level 2 of the Dungeon)

   It inflicts extra damage upon your enemies.
   rF:        It protects you from fire.
Armour
 d - a +0 pair of gloves (worn)
Scrolls
 a - 2 scrolls of teleportation


   Skills:
 + Level 0.6 Fighting
 + Level 1.2 Axes
 + Level 2.2 Dodging
 + Level 2.1 Stealth
 + Level 2.1 Spellcasting
 + Level 1.0 Conjurations
 + Level 3.6 Fire Magic


You had 5 spell levels left.
You knew the following spells:

 Your Spells              Type           Power      Damage    Failure   Level
a - Foxfire               Conj/Fire      32%        2x1d5     9%          1

Your spell library contained the following spells:

 Spells                   Type           Power      Damage    Failure   Level
 Scorch                   Fire           24%        2d6       8%          2
 Magic Dart               Conj           16%        1d3       14%         1
 Conjure Flame            Conj/Fire      8%         6-21      26%         3
 Inner Flame              Hex/Fire       7%         N/A       30%         3
 Call Imp                 Summ           1%         N/A       32%         2
 Mephitic Cloud           Conj/Pois/Air  2%         N/A       50%         3
 Flame Wave               Conj/Fire      8%         2d5       63%         4


Dungeon Overview and Level Annotations

Branches:
Dungeon (2/15)

Altars:
Makhleb
Sif Muna

Annotations:
D:2 Natasha


Innate Abilities, Weirdness & Mutations

Your plain brown scales are hard. (AC +5)
You cannot fit into any form of body armour.
You are cold-blooded and may be slowed by cold attacks.


Message History

You feel sick.
You are no longer poisoned.
You hear some strange, mumbled words.
Something hits you but does no damage.
You are poisoned.
You feel sick. Something hits you but does no damage.
You feel sick. Something hits you but does no damage.
You are more poisoned.
You hear some strange, mumbled words.
Pain shoots through your body!
Ouch! That really hurt!
* * * LOW HITPOINT WARNING * * *
Natasha, Servant of Life and Death comes into view.
It was a potion of heal wounds.
You feel much better.
You feel sick. Something hits you but does no damage.
You are more poisoned.
You feel very sick.
Natasha hisses angrily.
Something hits you.
You are lethally poisoned!
You hit something. Sif Muna accepts your kill.
Reactivating autopickup.
You feel a bit more experienced.
You feel extremely sick.
Your Axes skill increases to level 1!
Your Stealth skill increases to level 2!
As you read the scroll labelled JYLOLU DANYA, it crumbles to dust.
Magic quickly surges around you.
It was a scroll of vulnerability.
* * * LOW HITPOINT WARNING * * *
You feel very sick.
As you read the scroll labelled ZAARET MEORUFE, it crumbles to dust.
It is a scroll of identify.
a - 2 scrolls of teleportation
* * * LOW HITPOINT WARNING * * *
You feel very sick.
As you read the scroll labelled CON WEOLUCOSOI, it crumbles to dust.
You hear a loud clanging noise!
It was a scroll of noise.
You die...

#......# #......# #......
#....# # #....#.##
+........ ########....#
#......@)...#
#.#####.....# #..
###+#...................
#
#......####..........#...
#......#############.#.#.
#......'................
#......#####'###.#.#.#.#
#......# #....(..#.....#
########
#.....#.#.....#####


There were no monsters in sight!

Vanquished Creatures
  Jessica (D:2)
  A worm (D:2)
  A dart slug (D:1)
  4 ball pythons (D:2)
  An endoplasm (D:1)
  2 giant cockroaches
  A quokka (D:1)
  3 bats (D:1)
  3 goblins
  5 kobolds
  3 rats (D:1)
25 creatures vanquished.

Vanquished Creatures (others)
  6 foxfires (D:1)
6 creatures vanquished.

Grand Total: 31 creatures vanquished

Notes
Turn   | Place    | Note
-------+----------+-------------------------------------------
     0 | D:1      | Iusername the Draconian Fire Elementalist began the quest
                  | for the Orb.
     0 | D:1      | Reached XP level 1. HP: 14/14 MP: 3/3
   429 | D:1      | Found a faded altar of an unknown god.
   476 | D:1      | Prayed at the altar of an unknown god.
   476 | D:1      | Became a worshipper of Makhleb the Destroyer
   476 | D:1      | Reached * piety under Makhleb
   540 | D:1      | Reached XP level 2. HP: 18/20 MP: 5/5
   877 | D:2      | Found a shimmering blue altar of Sif Muna.
  1123 | D:2      | Reached XP level 3. HP: 22/26 MP: 6/6
  1139 | D:2      | Identified the +9 trident of the Witching Viper {vorpal,
                  | rF+}
  1200 | D:2      | Fell from the grace of Makhleb
  1200 | D:2      | Became a worshipper of Sif Muna the Loreminder
  1341 | D:2      | Noticed Jessica
  1353 | D:2      | HP: 1/26 [something/nerve-wracking pain (14)]
  1353 | D:2      | Noticed Natasha
  1356 | D:2      | Killed Jessica
  1357 | D:2      | Reached skill level 1 in Axes
  1359 | D:2      | Succumbed to Jessica's poison

Illustrated notes

Levels and vault maps discovered:
D:1:      nzn_arrival_water_spiral, layout_basic,
          hellmonk_ecumenical_altar_leap_of_faith
D:2:      layout_basic, basic_altar, hangedman_decor_peaks_small,
          interstate_on_off, minmay_octomino_c4, uniq_jessica, uniq_natasha

Skill      XL: |  1  2  3 |
---------------+----------+-----
Dodging        | 2 |  2.2
Axes           | 1 |  1.2
Stealth        | 2 |  2.1
Fighting       | |  0.6
Spellcasting   | |  2.1
Conjurations   | |  1.0
Fire Magic     | |  3.6

Action                   || total
-------------------------++-------
Melee: War axe           ||    42
       Unarmed           ||     4
       Tailslap          ||     7
       Long sword        ||    10
       Trident           ||     3
 Cast: Foxfire           ||     4
  Use: Scroll            ||     3
       Potion            ||     1
 Stab: Sleeping          ||     2
Armor: Skin              ||    33
Dodge: Dodged            ||    55
